Map: 2000 Atmospheres LE

Players

Flam - Winner!

  • Race: Zerg Zerg
  • League: Platinum

Massa

  • Race: Terran Terran
  • League: Platinum

VOD

Have the link to the VOD?

Description

Time

  • Played on: April 7, 2021, 4:28 p.m.
  • Length: 18:47
Show
View Real Time Build Order
Export as new Build Order

Flam Zerg - Winner!

Build Orders: Hatch First, Swarm Host 

Get SALT Encoding   

  12  0:02  Drone  
  13  0:13  Drone  
  14  0:17  Overlord  
  14  0:23  Extractor  
  14  0:24  Drone  
  15  0:36  Drone x2  
  17  0:56  Hatchery  
  16  0:59  Drone  
  17  1:13  Extractor  
  17  1:17  Spawning Pool  
  15  1:23  Drone x2  
  17  1:28  Drone  
  18  1:42  Overlord  
  18  1:51  Drone  
  19  2:03  Drone  
  20  2:09  Queen, Zergling x4  
  20  2:10  Queen  
  26  2:21  Drone, Zergling x2  
  28  2:39  Drone x3  
  31  2:49  Zergling x2  
  31  3:02  Drone x4  
  35  3:14  Overlord  
  35  3:18  Metabolic Boost  
  35  3:29  Hatchery  
  35  3:32  Queen x2  
  38  3:39  Drone x3  
  38  3:40  Drone x2  
  43  3:45  Overlord  
  43  4:02  Drone x2  
  43  4:04  Overlord  
  43  4:06  Drone  
  44  4:20  Drone x2  
  44  4:23  Lair  
  46  4:26  Extractor  
  46  4:28  Drone x2, Baneling Nest  
  46  4:35  Queen  
  46  4:37  Overlord  
  46  4:38  Drone  
  49  4:41  Queen  
  49  4:42  Drone  
  52  4:53  Drone x4  
  52  4:54  Drone x5  
  61  5:00  Overlord  
  61  5:10  Drone x2  
  61  5:11  Queen  
  65  5:17  Drone x2  
  65  5:18  Drone  
  68  5:24  Spore Crawler  
  68  5:28  Drone x3  
  70  5:29  Evolution Chamber  
  70  5:30  Evolution Chamber  
  68  5:41  Drone x3  
  71  5:46  Extractor x2  
  71  5:47  Centrifical Hooks  
  71  5:48  Drone x3  
  73  5:57  Drone x5  
  77  6:12  Zergling x2, Spore Crawler  
  77  6:13  Zergling x10  
  82  6:18  Overlord  
  82  6:19  Overlord x2  
  82  6:24  Zerg Melee Weapons Level 1  
  82  6:25  Zerg Ground Armor Level 1  
  82  6:31  Overlord  
  81  6:40  Baneling  
  81  6:41  Baneling x2  
  81  6:58  Zergling x8, Overlord x2  
  81  6:59  Zergling x14  
  81  7:00  Zergling x6  
  94  7:18  Drone x2  
  96  7:23  Extractor x2  
  96  7:29  Overlord x2  
  94  7:30  Zergling x14  
  94  7:31  Zergling x2  
  102  7:39  Baneling x2  
  99  7:54  Overlord  
  93  8:24  Zergling x8  
  93  8:25  Zergling x12  
  101  8:33  Overlord  
  101  8:34  Zergling x10  
  94  8:56  Overlord  
  94  8:57  Zergling x6  
  94  8:58  Drone x3, Zergling x2  
  94  9:02  Zerg Melee Weapons Level 2, Infestation Pit  
  100  9:03  Zerg Ground Armor Level 2  
  99  9:15  Hatchery  
  98  9:22  Spore Crawler  
  98  9:23  Overseer  
  97  9:26  Drone x2  
  97  9:27  Drone x5  
  97  9:31  Overlord  
  104  9:41  Baneling  
  104  9:42  Baneling x4  
  104  9:44  Overlord  
  104  9:45  Zergling x6, Overlord  
  107  9:46  Zergling x8  
  111  9:54  Overlord  
  111  9:59  Nydus Network  
  110  10:01  Swarm Host x2  
  110  10:02  Swarm Host  
  116  10:07  Zergling x2, Overlord  
  116  10:08  Zergling x4  
  116  10:14  Zergling x4, Overlord  
  121  10:22  Zergling x4  
  121  10:26  Overlord  
  121  10:27  Swarm Host x3  
  132  10:30  Swarm Host  
  135  10:37  Overlord, Swarm Host  
  135  10:38  Swarm Host x3  
  142  10:45  Swarm Host x3  
  147  11:01  Swarm Host x2  
  147  11:02  Swarm Host x5  
  147  11:03  Zergling x2  
  147  11:04  Zergling x6  
  150  11:13  Zergling x2, Overlord  
  150  11:14  Zergling x4  
  151  11:20  Nydus Canal  
  151  11:21  Zergling x4  
  153  11:28  Baneling x6  
  153  11:29  Baneling x2  
  153  11:32  Zergling x14  
  160  11:33  Zergling x8  
  160  11:37  Extractor  
  160  11:39  Extractor  
  162  11:46  Zergling x8  
  166  11:51  Overlord  
  166  11:52  Zergling x2  
  166  11:54  Nydus Canal  
  167  11:56  Overlord  
  167  11:57  Zergling x2  
  168  12:05  Drone x3  
  171  12:26  Zergling x8  
  171  12:27  Zergling x8  
  179  12:32  Zergling x2  
  179  12:34  Zergling x10  
  179  12:37  Drone  
  186  12:41  Zergling x2  
  187  12:49  Hatchery  
  186  12:52  Overlord  
  186  12:56  Nydus Canal  
  186  13:04  Baneling x7  
  186  13:05  Baneling x3  
  186  13:12  Baneling x5  
  186  13:13  Baneling x7  
  186  13:14  Baneling x2  
  186  13:30  Zergling x4  
  186  13:31  Zergling x14  
  186  13:32  Zergling x6  
  198  13:39  Zergling x2  
  199  13:54  Overlord  
  199  13:58  Hive  
  199  14:07  Nydus Canal  
  199  14:28  Zergling x2  
  200  14:32  Baneling x2  
  200  14:33  Baneling x7  
  200  14:34  Baneling x6  
  200  14:54  Zergling x8  
  200  14:59  Nydus Canal  
  193  15:10  Zergling x4  
  193  15:11  Zergling x10  
  196  15:37  Hatchery  
  189  15:49  Zergling x4  
  182  15:50  Zergling x14  
  182  15:51  Zergling x6  
  189  16:13  Zergling x8  
  189  16:14  Zergling x4  
  190  16:27  Zergling x2  
  190  16:32  Baneling x5  
  191  16:33  Baneling x4  
  190  16:44  Zergling x10  
  190  16:45  Zergling x4  
  197  16:50  Drone x3  
  197  17:00  Zergling x4  
  197  17:01  Zergling x4  
  186  17:29  Baneling  
  184  17:30  Zergling x2  
  184  17:31  Zergling x16  
  184  17:32  Zergling x10  
  195  17:44  Zergling x8  
  193  17:55  Zergling x14  
  200  18:23  Baneling x5  
  200  18:26  Baneling x6  
  200  18:27  Baneling x7  
  191  18:28  Baneling x3  
  198  18:40  Spore Crawler  
Show
View Real Time Build Order
Export as new Build Order

Massa Terran 

Build Orders:  

Get SALT Encoding   

  12  0:00  SCV  
  13  0:12  SCV  
  14  0:19  Supply Depot  
  14  0:24  SCV  
  15  0:41  SCV  
  16  0:44  Barracks  
  16  0:52  Refinery  
  16  0:53  SCV  
  17  1:05  SCV  
  18  1:17  SCV  
  19  1:34  SCV  
  20  1:45  Reaper  
  21  1:49  Command Center  
  21  1:50  Orbital Command  
  21  2:15  SCV  
  21  2:16  Supply Depot  
  21  2:17  Marine  
  23  2:38  SCV  
  24  2:50  SCV  
  25  2:59  Barracks Reactor  
  25  3:00  Factory  
  25  3:04  Orbital Command  
  25  3:07  Supply Depot  
  25  3:19  SCV  
  26  3:22  Command Center  
  26  3:31  SCV  
  27  3:36  Marine  
  29  3:42  Marine  
  29  3:45  Hellion  
  31  4:05  Barracks Reactor  
  30  4:13  SCV x2, Hellion  
  34  4:25  SCV x2  
  36  4:36  Barracks  
  36  4:37  Starport, SCV x2, Barracks  
  36  4:38  Orbital Command  
  38  4:39  Refinery  
  38  4:49  SCV  
  38  4:50  SCV  
  40  4:59  Hellion x2  
  43  5:08  SCV x3  
  43  5:12  Refinery  
  43  5:13  Refinery  
  46  5:17  Barracks Tech Lab, Starport Reactor  
  46  5:18  Medivac  
  46  5:20  SCV x2  
  46  5:21  Hellion x2  
  54  5:25  Barracks Reactor, Barracks Tech Lab  
  54  5:30  Engineering Bay  
  54  5:31  SCV  
  54  5:32  SCV x2  
  57  5:40  Supply Depot  
  57  5:42  Hellion x2, Supply Depot x2  
  61  5:43  SCV  
  61  5:44  SCV, Supply Depot  
  61  5:47  Stimpack  
  63  5:50  Combat Shield  
  63  6:04  Hellion  
  65  6:11  Hellion, Marine  
  67  6:15  Marine x3  
  67  6:17  Medivac  
  67  6:18  Terran Infantry Weapons Level 1  
  73  6:21  Missile Turret  
  73  6:25  Hellion  
  75  6:29  Marine  
  75  6:32  Hellion  
  78  6:33  Marine  
  79  7:16  SCV x3  
  79  7:20  Marauder x2, Marine x2  
  79  7:21  Starport Reactor  
  88  7:26  Missile Turret  
  88  7:28  SCV x2  
  91  7:30  Orbital Command  
  91  7:31  Barracks  
  91  7:35  Barracks  
  91  7:36  Widow Mine x2  
  94  7:38  Marine x2  
  94  7:41  Marauder, Marine  
  97  7:57  Widow Mine x2  
  85  8:38  Marauder x2, Marine x2  
  85  8:39  Widow Mine x2  
  95  8:48  Orbital Command  
  87  8:56  Marine  
  87  8:59  Marauder x2  
  87  9:01  Hellion x2  
  87  9:02  Marine  
  97  9:06  SCV x2  
  99  9:14  SCV, Marine  
  101  9:25  Supply Depot  
  101  9:26  Supply Depot  
  101  9:28  Supply Depot x2  
  101  9:33  Supply Depot  
  101  9:34  Barracks Reactor, Barracks Tech Lab  
  101  9:47  SCV x3, Marauder, Marine x2, Medivac  
  101  9:48  Hellion x2, Marauder  
  101  9:49  Medivac  
  118  9:59  SCV x3  
  121  10:04  Marine x2  
  118  10:08  Marine  
  118  10:09  Marauder  
  118  10:11  SCV x3  
  124  10:15  Supply Depot  
  124  10:17  Medivac, Supply Depot  
  124  10:18  Supply Depot  
  124  10:19  Medivac  
  128  10:23  SCV x2  
  130  10:31  SCV  
  130  10:35  SCV x2  
  129  10:43  SCV  
  120  10:55  Widow Mine x2  
  107  11:09  SCV x3  
  103  11:16  Widow Mine x2  
  97  11:21  SCV x3  
  100  11:33  SCV x2  
  102  12:03  Refinery  
  102  12:04  Refinery  
  102  12:07  Command Center  
  102  12:09  Viking x2  
  106  12:17  Orbital Command  
  83  12:39  Viking  
  83  12:43  SCV x3  
  86  12:50  Marauder  
  86  12:51  Marauder x2, Marine x4  
  95  12:55  SCV  
  97  13:01  Hellion  
  97  13:02  Hellion  
  97  13:04  Concussive Shells  
  101  13:07  Terran Infantry Armor Level 1  
  101  13:08  Marine x2  
  101  13:12  Marauder x3  
  109  13:13  Armory, Engineering Bay  
  109  13:23  Orbital Command, Hellion x2  
  104  13:44  Hellion x2  
  108  13:49  SCV x2  
  108  13:50  SCV  
  111  14:01  SCV, Marauder x3, Marine  
  111  14:02  Marine x3  
  122  14:03  Medivac x2  
  124  14:19  Marine x4  
  124  14:22  Marine x3  
  131  14:33  Medivac  
  131  14:37  Marine x3  
  119  15:13  Factory Reactor  
  119  15:16  SCV x2  
  119  15:17  SCV, Supply Depot x2  
  119  15:20  Supply Depot  
  117  15:24  Supply Depot  
  117  15:38  SCV x2  
  65  16:49  Marine x6  
  65  16:51  SCV x2  
  71  17:03  SCV x2  
  71  17:06  Marine  
  71  17:07  Marine x5  
  76  17:10  Orbital Command  
  76  17:15  Orbital Command, SCV  
  73  17:24  Marine  
  73  17:25  Marine x5  
  79  17:42  Marine  
  80  17:47  SCV x3  
  83  17:51  Orbital Command  
Tags
 
Add a new tag
Caveats
  • Supply blocks, unpowered buildings, or Contaminate may cause inaccurate times.
  • Supply counts are checked every 10 seconds.